 Dungeon Crawl Stone Soup version 0.17.1-3-g152610e (webtiles) character file.

531 inmateoo the Insei (level 7, -4/49 HPs)
             Began as an Octopode Monk on Feb 20, 2016.
             Splashed by a jelly's acid (5 damage)
             ... on level 5 of the Dungeon.
             The game lasted 00:07:50 (4045 turns).

inmateoo the Insei (Octopode Monk)                  Turns: 4045, Time: 00:07:50

Health: -4/49      AC: -7    Str: 12    XL:     7   Next: 24%
Magic:  7/7        EV: 14    Int: 12    God:
Gold:   300        SH:  0    Dex: 15    Spells: 0 memorised, 6 levels left

rFire  . . .     SeeInvis .       - Unarmed
rCold  + . .     Clarity  .     (no shield)
rNeg   . . .     SustAt   .     (helmet restricted)
rPois  .         Gourm    .     (no amulet)
rElec  .         Spirit   .     p - ring of protection from cold
rCorr  .         Warding  .     (no ring)
rMut   .         Stasis   .     (no ring)
MR     .....                    (no ring)
Stlth  ++++......               (no ring)
                                (no ring)
                                (no ring)
                                (no ring)

@: corroded equipment, not resistant to hostile enchantments, stealthy
A: almost no armour, amphibious, 8 rings, constrict 8, camouflage 1, gelatinous
body 1
a: no special abilities


You were on level 5 of the Dungeon.
You were hungry.

You visited 1 branch of the dungeon, and saw 5 of its levels.

You collected 300 gold pieces.

Inventory:

Hand Weapons
 i - a +0 dagger of draining
Missiles
 c - 34 poisoned needles
Jewellery
 p - a ring of protection from cold (left tentacle)
Wands
 q - a wand of fire (4)
Scrolls
 d - a scroll of recharging
 j - a scroll of remove curse
 l - a scroll of amnesia {unknown}
Potions
 b - a potion of might
 f - a potion of brilliance
 g - a potion of heal wounds {unknown}
 h - a potion of flight {unknown}
 k - a potion of poison {unknown}
Comestibles
 a - 2 bread rations
 n - a slice of pizza


   Skills:
 + Level 4.5 Fighting
 + Level 4.4 Dodging
 + Level 4.9 Stealth
 * Level 6.3 Unarmed Combat


You had 6 spell levels left.
You didn't know any spells.

Dungeon Overview and Level Annotations

Branches:
Dungeon (5/15)
 Temple: D:4-7

Altars:
Dithmenos
Kikubaaqudgha

Annotations:
D:3 exclusions: hippogriff and worker ant, Terence
D:5 exclusion: ogre, Dowan, Duvessa


Innate Abilities, Weirdness & Mutations

You cannot wear most types of armour.
You are amphibious.
You can wear up to eight rings at the same time.
You can use your tentacles to constrict eight enemies at once.
Your skin changes colour to match your surroundings (Stealth).
Your rubbery body absorbs attacks (AC +1).


Message History

The acid burns!
You completely miss the jelly.
The jelly is lightly wounded.
The jelly hits you.
You are splashed with acid!
The acid burns!
You tentacle-slap the jelly.
Your tentacles burn!
The jelly is moderately wounded.
The jelly closely misses you.
You tentacle-slap the jelly.
Your tentacles burn!
The jelly is heavily wounded.
The jelly hits you.
You are splashed with acid!
The acid corrodes you!
The acid burns!
* * * LOW HITPOINT WARNING * * *
You barely miss the jelly.
The jelly is heavily wounded.
The jelly hits you.
* * * LOW HITPOINT WARNING * * *
You are splashed with acid!
The acid corrodes you!
The acid burns!
* * * LOW HITPOINT WARNING * * *
You tentacle-slap the jelly.
Your tentacles burn!
You die...

.[..........#
............#
....#######.#
....##...<.##
............#
............# ###
..O..bb....#########.#
.........##........#######
.[b......b....@J...#......
........................a.
..........................
.##.....##.......##......
#.....##.......# .(....
+.....#...b....# .....
#.....#.........l ....
#..>..#.......... ..
##.......## .


You could see a jelly.

Vanquished Creatures
  A phantom (D:4)
  A necrophage (D:4)
  Blork the orc (D:4)
  A scorpion (D:4)
  2 hounds (D:4)
  A hound skeleton (D:4)
  10 adders
  An ooze (D:3)
  3 worms
  4 giant geckos
  7 orcs
  3 bats
  7 goblins
  6 hobgoblins
  4 jackals
  13 kobolds
  3 giant cockroaches
  8 giant newts
  7 rats
83 creatures vanquished.

Notes
Turn   | Place    | Note
--------------------------------------------------------------
     0 | D:1      | inmateoo the Octopode Monk began the quest for the Orb.
     0 | D:1      | Reached XP level 1. HP: 16/16 MP: 1/1
   151 | D:1      | Reached XP level 2. HP: 18/21 MP: 2/2
   839 | D:2      | Reached XP level 3. HP: 13/26 MP: 3/3
  1163 | D:2      | Reached XP level 4. HP: 31/31 MP: 4/4
  1279 | D:2      | Reached skill level 5 in Unarmed Combat
  1986 | D:2      | Reached XP level 5. HP: 32/36 MP: 5/5
  2387 | D:3      | Found a shadowy altar of Dithmenos.
  2494 | D:3      | Noticed a hippogriff
  2524 | D:3      | Noticed Terence
  2545 | D:3      | Found an ancient bone altar of Kikubaaqudgha.
  3099 | D:4      | Noticed a phantom
  3155 | D:4      | Killed a phantom
  3155 | D:4      | Reached XP level 6. HP: 11/43 MP: 6/6
  3631 | D:5      | Entered Level 5 of the Dungeon
  3631 | D:5      | Noticed Blork the orc
  3638 | D:5      | Noticed Duvessa
  3641 | D:5      | Noticed Dowan
  3648 | D:4      | Killed Blork the orc
  3673 | D:4      | Reached skill level 6 in Unarmed Combat
  3689 | D:4      | Reached XP level 7. HP: 26/49 MP: 7/7
  4044 | D:5      | HP: 1/49 [acid (8)]
  4045 | D:5      | Splashed by a jelly's acid

Action                   |  1- 3 |  4- 6 |  7- 9 || total
-------------------------+-------+-------+-------++-------
Melee: Unarmed           |    56 |   124 |    17 ||   197
Evoke: Wand              |       |     1 |       ||     1
  Use: Scroll            |     2 |     6 |       ||     8
       Potion            |       |     2 |       ||     2
 Stab: Sleeping          |     8 |    14 |       ||    22
       Distracted        |       |     1 |       ||     1
  Eat: Chunk             |       |     9 |       ||     9
